 Dungeon Crawl Stone Soup version 0.28-a0-706-gf6f64a616a (webtiles) character file.

Game seed: 9835295339098493710

731 lawman0 the Sneak (level 8, -3/52 HPs)
             Began as a Djinni Enchanter on Oct 24, 2021.
             Shot with an arrow by a centaur (6 damage)
             ... on level 5 of the Dungeon.
             The game lasted 00:07:29 (7383 turns).

lawman0 the Sneak (Djinni Enchanter)                Turns: 7383, Time: 00:07:30

Health: -3/52      AC:  2    Str:  7    XL:     8   Next: 3%
Gold:   179        EV: 12    Int: 20    God:
                   SH:  0    Dex: 10

rFire   + + .      SeeInvis .   a - +2 dagger (venom)
rCold   + + .      Faith    .   (no shield)
rNeg    . . .      Spirit   .   b - +0 robe
rPois   ∞          Reflect  .   (no helmet)
rElec   .          Harm     .   (no cloak)
rCorr   +          Rampage  .   (no gloves)
Will    .....                   (boots unavailable)
Stlth   ++........              (no amulet)
HPRegen 0.17/turn               o - ring "Zemuseen" {rPois rC+++ rCorr Dex-3 Stlth-}
MPRegen 0.00/turn               (no ring)

@: attractive, flying
A: sickness immunity, fire resistance 2, cold vulnerability 1, float, innate
caster, hp casting, extra vitality 1
a: no special abilities


You were on level 5 of the Dungeon.
You visited 1 branch of the dungeon, and saw 5 of its levels.

You collected 179 gold pieces.

Inventory:

Hand Weapons
 a - a +2 dagger of venom (weapon)
 n - a +1 vampiric short sword
Missiles
 k - 12 poisoned darts
 s - 2 boomerangs of dispersal
Armour
 b - a +0 robe (worn)
Magical Staves
 g - a staff of conjuration
Jewellery
 o - the ring "Zemuseen" (left hand) {rPois rC+++ rCorr Dex-3 Stlth-}
   (You found it on level 4 of the Dungeon)

   [ring of poison resistance]

   Dex:       It affects your dexterity (-3).
   rC:        It renders you almost immune to cold.
   rPois:     It protects you from poison.
   rCorr:     It protects you from acid and corrosion.
   Stlth:     It makes you less stealthy.
Wands
 m - a wand of flame (16)
Scrolls
 p - 3 scrolls of brand weapon {unknown}
Potions
 c - 2 potions of invisibility
 d - 2 potions of resistance
 f - a potion of heal wounds {unknown}
 h - a potion of brilliance {unknown}
 i - a potion of magic {unknown}
 l - a potion of might
 q - 2 potions of haste {unknown}
 r - a potion of flight {unknown}


   Skills:
 + Level 1.0 Fighting
 * Level 2.8 Short Blades
 + Level 3.4 Dodging
 * Level 6.2 Stealth
 + Level 3.5 Spellcasting


You couldn't memorise any spells.
You knew the following spells:

 Your Spells              Type           Power      Damage    Failure   Level
a - Ensorcelled Hibernat  Hex/Ice        34%        N/A       4%          2
b - Confusing Touch       Hex            17%        N/A       10%         3
c - Tukima's Dance        Hex            17%        N/A       10%         3
d - Dazzling Flash        Conj/Hex       34%        N/A       10%         3
e - Foxfire               Conj/Fire      68%        2x1d7     3%          1
f - Wereblood             Tmut           17%        N/A       4%          2
g - Call Canine Familiar  Summ           17%        N/A       10%         3
Your spell library was empty.

Dungeon Overview and Level Annotations

Branches:
Dungeon (5/15)
 Temple: D:4-7

Altars:
Nemelex Xobeh
Zin

Shops:
D:3 [


Innate Abilities, Weirdness & Mutations

You are immune to sickness and miasma.
You are immune to poison.
Your flesh is very heat resistant. (rF++)
You are vulnerable to cold. (rC-)
You float through the air rather than walking.
You learn spells naturally, not from books.
Your magical power is your life essence.
You have superior vitality. (+4 HP)


Message History

The kobold brigand is almost dead.
You hit the kobold but do no damage.
The kobold is poisoned.
You kill the kobold brigand!
The kobold hits you but does no damage.
Your Fighting skill increases to level 1!
You have reached level 8!
You feel clever.
You hit the kobold but do no damage.
The kobold looks as sick as possible!
The kobold is heavily wounded.
You hit the kobold but do no damage.
The kobold looks as sick as possible!
The kobold is heavily wounded.
You kill the kobold!
You need no library to learn spells.
Casting: Ensorcelled Hibernation (safe; 4% risk of failure)
Confirm with . or Enter, or press ? or * to list all spells.
Okay, then.
You start resting.
A centaur comes into view.
A centaur is nearby!
A centaur is nearby!
A centaur is nearby!
The centaur shouts!
The centaur wields a +0 shortbow.
The centaur shoots an arrow.
The arrow closely misses you.
The centaur shoots an arrow.
The arrow completely misses you.
The centaur shoots an arrow.
The arrow hits you.
The centaur shoots an arrow.
The arrow barely misses you.
The centaur shoots an arrow.
The arrow closely misses you.
The centaur shoots an arrow.
The arrow hits you!
* * * LOW HITPOINT WARNING * * *
The centaur shoots an arrow.
The arrow hits you!
* * * LOW HITPOINT WARNING * * *
Okay, then.
Okay, then.
You feel better.
The centaur shoots an arrow.
The arrow hits you!
* * * LOW HITPOINT WARNING * * *
Really quaff the potion of attraction?
You feel attractive to monsters.
The centaur shoots an arrow.
The arrow hits you.
You die...

. .........##.# ###...# ..
...####c...#.# #.....# .....
#####...#.###.#...# ....
...#...†..#..#...### ....
#.#...............#####
##..###...#......######.....###
#..............................
.....#####.........#####..#......
... ##.....@..# #..##...... ..
#.#......# #.# #...... ..
#.....#..# #.# #....|. ...
#.......## ##.###...... ....
####.##.....###...##......
)....##.....#...#...............
........#.......................
.......<..#(..###...............
....#######...# ###............#


You could see a centaur.

Vanquished Creatures
  A water moccasin (D:3)
  A sky beast (D:4)
  A phantom (D:4)
  A kobold brigand (D:5)
  A bullfrog zombie (D:5)
  A centaur zombie (D:3)
  A hound (D:4)
  A jelly (D:5)
  Ijyb (D:4)
  3 iguanas
  An orc wizard (D:4)
  A hound skeleton (D:5)
  4 adders
  3 worms
  2 dart slugs
  4 orcs (D:4)
  5 ball pythons
  7 bats
  4 endoplasms
  4 giant cockroaches
  5 goblins
  7 hobgoblins
  7 jackals
  2 quokkas
  4 frilled lizards
  13 kobolds
  3 rats
88 creatures vanquished.

Vanquished Creatures (collateral kills)
  A hound zombie (D:5)
1 creature vanquished.

Vanquished Creatures (others)
  31 foxfires
31 creatures vanquished.

Grand Total: 120 creatures vanquished

Notes
Turn   | Place    | Note
-------+----------+-------------------------------------------
     0 | D:1      | lawman0 the Djinni Enchanter began the quest for the Orb.
     0 | D:1      | Reached XP level 1. HP: 15/15 MP: 0/0
   436 | D:1      | Reached XP level 2. HP: 16/21 MP: 0/0
   554 | D:1      | Reached skill level 1 in Short Blades
  1457 | D:1      | Reached XP level 3. HP: 22/25 MP: 0/0
  1457 | D:1      | Learned a level 1 spell: Foxfire
  1553 | D:1      | Reached skill level 3 in Stealth
  2539 | D:2      | Reached XP level 4. HP: 28/31 MP: 0/0
  2583 | D:2      | Found a faded altar of an unknown god.
  3815 | D:3      | Reached skill level 4 in Stealth
  3815 | D:3      | Reached XP level 5. HP: 8/35 MP: 0/0
  3815 | D:3      | Learned a level 2 spell: Wereblood
  4453 | D:3      | Found Kumafee's Armour Boutique.
  4789 | D:3      | Noticed a water moccasin
  4809 | D:3      | Killed a water moccasin
  4810 | D:3      | Reached XP level 6. HP: 7/41 MP: 0/0
  5567 | D:4      | Found a sparkling altar of Nemelex Xobeh.
  6042 | D:4      | Noticed a sky beast
  6068 | D:4      | Killed a sky beast
  6069 | D:4      | Reached skill level 5 in Stealth
  6198 | D:4      | Noticed Ijyb
  6207 | D:4      | Killed Ijyb
  6208 | D:4      | Reached XP level 7. HP: 36/46 MP: 0/0
  6208 | D:4      | Learned a level 3 spell: Call Canine Familiar
  6479 | D:4      | Identified the ring "Zemuseen" {rPois rC+++ rCorr Dex-3
                  | Stlth-}
  6481 | D:4      | lmao
  6864 | D:5      | Entered Level 5 of the Dungeon
  7210 | D:5      | Found a glowing silver altar of Zin.
  7210 | D:5      | Noticed an angel
  7260 | D:5      | Reached skill level 6 in Stealth
  7343 | D:5      | Reached skill level 1 in Fighting
  7343 | D:5      | Reached XP level 8. HP: 23/52 MP: 0/0
  7381 | D:5      | HP: 1/52 [centaur/arrow (13)]
  7383 | D:5      | Shot with an arrow by a centaur

Illustrated notes

. . ##.
##.###
##....#
##...@.##
#.......#
#.......#
#.......##
#........#
#........#
#........##
#.....†...#
##........#
#


Turn 6481 on D:4: lmao

Levels and vault maps discovered:
D:1:      heliophobic_arrival_dark_side_of_the_moon, layout_basic
D:2:      layout_basic, hellmonk_ecumenical_altar_lost_god
D:3:      layout_basic, serial_shops, shop, serial_bayou_pond_e
D:4:      layout_cave_pods, nemelex_xobeh_ov_fountains_minmay, uniq_ijyb
D:5:      layout_rooms, zin_angel

Skill      XL: |  1  2  3  4  5  6  7 |
---------------+----------------------+-----
Short Blades   | 1 2 |  2.8
Stealth        | 3 4 5 6 |  6.2
Dodging        | 3 |  3.4
Spellcasting   | 3 |  3.5
Fighting       | 1 |  1.0

Action                   |  1- 3 |  4- 6 |  7- 9 || total
-------------------------+-------+-------+-------++-------
Melee: Dagger            |    93 |    72 |    50 ||   215
 Cast: Ensorcelled Hiber |    25 |    32 |     7 ||    64
       Foxfire           |     2 |    11 |     9 ||    22
       Dazzling Flash    |       |     2 |       ||     2
       Call Canine Famil |       |       |     3 ||     3
  Use: Scroll            |       |     6 |       ||     6
       Potion            |       |       |     2 ||     2
 Stab: Sleeping          |    22 |    24 |     5 ||    51
       Invisible         |       |     1 |       ||     1
Armor: Robe              |    18 |    17 |     3 ||    38
Dodge: Dodged            |    67 |    51 |    36 ||   154

Table legend: (Time is in decaauts)
 A = Elapsed time spent in this place.
 B = Non-inter-level travel time spent in this place.
 C = Inter-level travel time spent in this place.
 D = Time resting spent in this place.
 E = Time spent auto-exploring this place.
 F = Levels seen in this place.
 G = Mean time per level.
                   A        B        C        D        E       F      G
               +--------+--------+--------+--------+--------+-----+--------+
         Total |   7364 |   7116 |    248 |   1613 |   4604 |   5 | 1472.8 |
       Dungeon |   7364 |   7116 |    248 |   1613 |   4604 |   5 | 1472.8 |
               +--------+--------+--------+--------+--------+-----+--------+

Top non-repeatable levels by time:
     D:1: 2283 daAuts
     D:3: 1924 daAuts
     D:4: 1410 daAuts
     D:2: 1331 daAuts
     D:5: 415 daAuts
